 Dungeon Crawl Stone Soup version 0.32-a0-290-g598725c5f2 (webtiles) character file.

Game seed: 673780086482750427

1888 Dittersdorf the Shield-Bearer (level 9, -2/57 HPs)
             Began as a Gargoyle Fighter on Feb 13, 2024.
             Was an Initiate of Gozag.
             Incinerated by a bombardier beetle (3 damage)
             ... with a burning spray
             ... on level 6 of the Dungeon.
             The game lasted 00:06:39 (5277 turns).

Dittersdorf the Shield-Bearer (Gargoyle Fighter)    Turns: 5277, Time: 00:06:39

Health: -2/57      AC: 15    Str: 19    XL:     9   Next: 15%
Magic:  0/9        EV: 10    Int: 11    God:    Gozag
Gold:   962        SH:  6    Dex: 15    Spells: 8/8 levels left

rFire   . . .        a - +1 flail
rCold   . . .        c - +0 buckler
rNeg    + + +        e - +3 leather armour "Jyrilul" {rN+}
rPois   ∞            h - +2 hat
rElec   +            (no cloak)
rCorr   .            (no gloves)
SInv    +            (no boots)
Will    .....        r - amulet of guardian spirit
Stlth   +            g - ring "Bynigh" {rN+++ Str-5 Int+2 Dex+6 SInv}
HPRegen 0.29/turn    (no ring)
MPRegen 0.11/turn

%: guardian spirit
@: on fire, glowing
A: sickness immunity, AC +6, negative energy resistance 1, electricity
resistance, torment resistance 1, petrification resistance
a: Renounce Religion, Potion Petition, Call Merchant, Bribe Branch


You were on level 6 of the Dungeon.
You worshipped Gozag.
Gozag was pleased with you.
You visited 1 branch of the dungeon, and saw 6 of its levels.
You also visited: Sewer.

You collected 1027 gold pieces.
You paid 65 gold pieces to Gozag.

Inventory:

Hand Weapons
 a - a +1 flail (weapon)
Missiles
 m - 2 curare-tipped darts (quivered)
 t - a throwing net
Armour
 c - a +0 buckler (worn)
 e - the +3 leather armour "Jyrilul" (worn) {rN+}
   (You found it on level 3 of the Dungeon)

   rN+:       It protects you from negative energy.
 h - a +2 hat (worn)
Magical Staves
 j - a staff of earth
Jewellery
 g - the ring "Bynigh" (left hand) {rN+++ Str-5 Int+2 Dex+6 SInv}
   (You acquired it on level 3 of the Dungeon)

   [ring of dexterity]

   Str-5:     It affects your strength (-5).
   Int+2:     It affects your intelligence (+2).
   Dex+6:     It affects your dexterity (+6).
   rN+++:     It renders you almost immune to negative energy.
   SInv:      It lets you see invisible.
 i - a ring of ice
 r - an amulet of guardian spirit (around neck)
Scrolls
 b - a scroll of teleportation
 o - a scroll of revelation {unknown}
Potions
 d - a potion of haste
 f - 2 potions of cancellation
 k - 5 potions of heal wounds
 l - 2 potions of might
 n - a potion of invisibility
 p - a potion of experience {unknown}
 q - a potion of curing {unknown}
 u - a potion of brilliance {unknown}


   Skills:
 + Level 7.1 Fighting
 + Level 6.1 Maces & Flails
 + Level 7.1 Armour
 + Level 7.1 Shields


You had 8 spell levels left.
You didn't know any spells.
Your spell library contained the following spells:

 Spells                   Type           Power      Damage    Failure   Level
 Hailstorm                Conj/Ice       0%         3d5       83%         3
 Summon Ice Beast         Ice/Summ       0%         N/A       83%         3
 Sculpt Simulacrum        Ice/Alch       0%         N/A       100%        6


Dungeon Overview and Level Annotations

Branches:
Dungeon (6/15)              Sewer (visited)
 Temple: D:4-7

Altars:
Gozag
Hepliaklqana
Kikubaaqudgha
Wu Jian


Innate Abilities, Weirdness & Mutations

You are immune to sickness and miasma.
Your stone body is resilient. (AC +6)
You are immune to poison.
You resist negative energy. (rN+)
You are resistant to electric shocks. (rElec)
You are resistant to unholy torment.
You are immune to petrification.


Message History

You are too injured to fight recklessly!
You are too injured to fight recklessly!
You are too injured to fight recklessly!
You are too injured to fight recklessly!
You are too injured to fight recklessly!
You are too injured to fight recklessly!
You are too injured to fight recklessly!
You are too injured to fight recklessly!
You are too injured to fight recklessly!
You are too injured to fight recklessly!
You are too injured to fight recklessly!
You shake off some of the fire as you move.
The liquid fire burns you! The adder bites you but does no damage.
There is an escape hatch in the floor here.
You shake off some of the fire as you move.
The liquid fire burns you!
* * * LOW HITPOINT WARNING * * *
You shake off some of the fire as you move.
The liquid fire burns you!
* * * LOW HITPOINT WARNING * * *
You shake off some of the fire as you move.
The liquid fire burns you!
* * * LOW HITPOINT WARNING * * *
You shake off some of the fire as you move.
The liquid fire burns you!
* * * LOW HITPOINT WARNING * * *
You shake off some of the fire as you move.
The liquid fire burns you!
* * * LOW HITPOINT WARNING * * *
You shake off some of the fire as you move.
The liquid fire burns you!
* * * LOW HITPOINT WARNING * * *
The adder attacks as it pursues you! You block the adder's attack.
The adder bites you.
* * * LOW HITPOINT WARNING * * *
You shake off some of the fire as you move.
The liquid fire burns you!
You die...
Your body crumbles into a pile of gold.

#..........#
####>#######
#...# #B###
#.# #S# #S#
#.# #@# #.#
#.# #.# #.#
#.# #####
#.# #...#
#.#
###...###
#.#


You could see a bombardier beetle and 2 adders.

Vanquished Creatures
  Grinder (D:4)
  Sigmund (D:3)
  Menkaure (D:4)
  A water moccasin (D:5)
  2 phantoms
  4 kobold brigands
  2 scorpions (D:5)
  A howler monkey (D:3)
  2 jellies
  4 hounds
  An orc priest (D:3)
  A sleepcap (D:4)
  2 iguanas
  The ghost of justen the Chopper, a weakling HORe (D:3)
  4 gnolls (D:4)
  8 adders
  5 river rats
  4 dart slugs
  4 ribbon worms
  8 orcs
  2 bat zombies (D:3)
  5 endoplasms
  3 giant cockroaches
  7 goblins
  10 hobgoblins
  4 jackals (D:1)
  2 quokkas (D:1)
  9 ball pythons
  8 bats
  5 frilled lizards (D:1)
  A frilled lizard zombie (D:3)
  18 kobolds
  24 rats
155 creatures vanquished.

Notes
Turn   | Place    | Note
-------+----------+-------------------------------------------
     0 | D:1      | Dittersdorf the Gargoyle Fighter began the quest for the
                  | Orb.
     0 | D:1      | Reached XP level 1. HP: 14/14 MP: 1/1
    63 | D:1      | Reached XP level 2. HP: 19/19 MP: 2/2
    70 | D:1      | Found a faded altar of an unknown god.
   173 | D:1      | Reached XP level 3. HP: 23/23 MP: 3/3
  1225 | D:2      | Reached XP level 4. HP: 24/29 MP: 4/4
  1399 | D:3      | Found a runed translucent gate.
  1399 | D:3      | Found a runed translucent gate.
  1399 | D:3      | Found an opulent altar of Gozag.
  1399 | D:3      | Found a runed translucent gate.
  1400 | D:3      | Identified a scroll of acquirement
  1400 | D:3      | Acquired the ring "Bynigh" {rN+++ Str-5 Int+2 Dex+6 SInv}
  1403 | D:3      | Noticed justen's ghost (weakling HORe)
  1424 | D:3      | Killed justen's ghost
  1429 | D:3      | Reached XP level 5. HP: 30/33 MP: 5/5
  1442 | D:3      | Became a worshipper of Gozag Ym Sagoz the Greedy
  1498 | D:3      | Identified the +3 leather armour "Jyrilul" {rN+}
  1541 | D:3      | Noticed Sigmund
  1551 | D:3      | Killed Sigmund
  1552 | D:3      | Reached XP level 6. HP: 39/39 MP: 6/6
  1709 | D:3      | Found an ancient bone altar of Kikubaaqudgha.
  1849 | D:3      | Found a glowing drain.
  1860 | Sewer    | Entered a sewer
  1939 | Sewer    | Reached skill level 5 in Fighting
  1939 | Sewer    | Reached skill level 5 in Armour
  1939 | Sewer    | Reached skill level 5 in Shields
  1939 | Sewer    | Reached XP level 7. HP: 32/44 MP: 7/7
  3655 | D:4      | Noticed Menkaure
  3667 | D:4      | Killed Menkaure
  3668 | D:4      | Reached XP level 8. HP: 48/51 MP: 8/8
  3930 | D:4      | Noticed Grinder
  3954 | D:4      | Paralysed by Grinder for 4 turns
  3958 | D:4      | Killed Grinder
  3959 | D:4      | Reached skill level 5 in Maces & Flails
  4365 | D:5      | Entered Level 5 of the Dungeon
  4629 | D:5      | Reached XP level 9. HP: 49/56 MP: 9/9
  4733 | D:5      | Found an ornate altar of the Wu Jian Council.
  5033 | D:5      | Found a hazy altar of Hepliaklqana.
  5276 | D:6      | HP: 2/57 [burnt (3)]
  5277 | D:6      | Incinerated by a bombardier beetle

Illustrated notes

Levels and vault maps discovered:
D:1:      lightli_arrival_farm, layout_basic, hellmonk_ecumenical_altar_zigzags
D:2:      layout_basic
D:3:      layout_loops_ring, lemuel_zombie_altar_kikubaaqudgha,
          gup_sewer_entry_bowl, ebering_ghost_gozag, kennysheep_boxes,
          uniq_sigmund
D:4:      layout_loops_ring, corexii_corridor_pit, uniq_menkaure, uniq_grinder
D:5:      layout_rooms, nicolae_hepliaklqana_hazy_memory,
          mainiacjoe_overflow_paths, nrook_mini_vaults,
          grunt_decor_mini_mirrors, kennysheep_potato
D:6:      layout_loops_ring, mainiacjoe_overflow_tiny_flanked, grunt_tough_drop

Skill      XL: |  1  2  3  4  5  6  7  8  9 |
---------------+----------------------------+-----
Shields        | 4 5 7 |  7.1
Fighting       | 4 5 6 7 |  7.1
Armour         | 4 5 7 |  7.1
Maces & Flails | 3 4 5 6 |  6.1

Action                     |  1- 3 |  4- 6 |  7- 9 || total
---------------------------+-------+-------+-------++-------
  Melee: Flail             |   113 |   128 |   425 ||   666
    Use: Scroll            |       |     5 |     4 ||     9
         Potion            |       |     2 |       ||     2
   Stab: Invisible         |       |     1 |       ||     1
         Sleeping          |       |     1 |     1 ||     2
         Distracted        |       |     1 |       ||     1
 Armour: Scale mail        |    96 |    32 |       ||   128
         Leather armour    |       |    67 |   365 ||   432
  Dodge: Dodged            |    71 |    88 |   288 ||   447
  Block: Buckler           |    27 |    44 |   153 ||   224

Table legend: (Time is in decaauts)
 A = Elapsed time spent in this place.
 B = Non-inter-level travel time spent in this place.
 C = Inter-level travel time spent in this place.
 D = Time resting spent in this place.
 E = Time spent auto-exploring this place.
 F = Levels seen in this place.
 G = Mean time per level.
                   A        B        C        D        E       F      G
               +--------+--------+--------+--------+--------+-----+--------+
         Total |   5480 |   5221 |    259 |    136 |   3403 |   7 |  782.9 |
       Dungeon |   4460 |   4201 |    259 |      8 |   2907 |   6 |  743.3 |
         Sewer |   1020 |   1020 |      0 |    128 |    496 |   1 | 1020.0 |
               +--------+--------+--------+--------+--------+-----+--------+

Top non-repeatable levels by time:
     D:3: 1133 daAuts
   Sewer: 1020 daAuts
     D:4: 971 daAuts
     D:5: 831 daAuts
     D:1: 819 daAuts
     D:2: 646 daAuts
     D:6: 57 daAuts
